 Dungeon Crawl Stone Soup version 0.20.1-1-g8b1a95d66d (webtiles) character file.

24 Ivernyr the Shooter (level 2, 0/25 HPs)
             Began as a Centaur Hunter on Dec 9, 2017.
             Slain by a quokka (2 damage)
             ... on level 1 of the Dungeon.
             The game lasted 00:02:17 (1359 turns).

Ivernyr the Shooter (Centaur Hunter)                Turns: 1359, Time: 00:02:18

Health: 0/25       AC:  4    Str: 14    XL:     2   Next: 79%
Magic:  2/2        EV:  9    Int: 10    God:
Gold:   62         SH:  0    Dex:  9    Spells: 1/1 levels left

rFire    . . .     SeeInvis .     - Unarmed
rCold    . . .     Gourm    .   (no shield)
rNeg     . . .     Faith    .   c - +0 leather armour
rPois    +         Spirit   .   (no helmet)
rElec    .         Reflect  .   (no cloak)
rCorr    +         Harm     .   (no gloves)
MR       .....                  (no barding)
Stlth    +.........             (no amulet)
Regen    0.1/turn               i - ring of resist corrosion
MPRegen  0.1/turn               n - ring of poison resistance

@: very quick
A: hooves 3, deformed body, speed 2, tough skin 3
a: no special abilities


You were on level 1 of the Dungeon.
You were not hungry.

You visited 1 branch of the dungeon, and saw 2 of its levels.

You collected 62 gold pieces.

Inventory:

Hand Weapons
 a - a +1 shortbow
Missiles
 d - 20 arrows
Armour
 c - a +0 leather armour (worn)
Jewellery
 i - a ring of resist corrosion (left hand)
 n - a ring of poison resistance (right hand)
Scrolls
 e - a scroll of identify {unknown}
 k - a scroll of immolation {unknown}
 m - a scroll of teleportation {unknown}
 o - a scroll of remove curse {unknown}
Potions
 g - a potion of might {unknown}
 h - 2 potions of curing {unknown}
 j - a potion of heal wounds {unknown}
 l - a potion of cancellation {unknown}
Comestibles
 b - a royal jelly
 f - a bread ration
 p - a chunk of flesh


   Skills:
 + Level 2.6 Fighting
 * Level 5.7 Bows
 - Level 1.3 Dodging
 - Level 0.4 Stealth
 + Level 1.1 Unarmed Combat


You had one spell level left.
You didn't know any spells.

Dungeon Overview and Level Annotations

Branches:
Dungeon (2/15)

Altars:

Annotations:
D:1 Natasha


Innate Abilities, Weirdness & Mutations

You have hooves in place of feet.
Armour fits poorly on your strangely shaped body.
You cover ground very quickly.
You have extremely tough skin. (AC +3)


Message History

Wield which item (- for none, * to show all)? (? for menu, Esc to quit)
Okay, then.
The quokka bites you but does no damage.
Natasha claws you.
The quokka bites you but does no damage.
You climb upwards.
There is a stone staircase leading down here.
You closely miss Natasha. You kick Natasha!
Natasha is severely wounded.
Natasha claws you! The quokka barely misses you.
You hit Natasha but do no damage.
Natasha is severely wounded.
Natasha claws you. The quokka bites you.
* * * LOW HITPOINT WARNING * * *
You barely miss Natasha. Your kick misses Natasha.
Natasha is severely wounded.
Natasha claws you.
* * * LOW HITPOINT WARNING * * *
The quokka bites you.
You die...

#............^............#
#.####.##.##..............#
.....#.##.##..............#
#.##.#.##.##.#.......#######
#.##.#.##.##.#.###.........#
#.##.#.............#.##.#..#
#.##.####.##.#.#.#.#.##.#..#
#.##.####.......hr.#....#..#
................@..........#
#..#.#†#...#.#.###.#.####..#
.......#.#.#.#.###.#.......#
..##.#...........#.........#
.....>.......#.#.###.#####.#
...........................#
.......#.#####.#.###.#.###.#
#.###..#.# #.#.# #.#...#.#
.......#.# #(#.# #.#.#.#.#


You could see Natasha and a quokka.

Vanquished Creatures
  A dart slug (D:1)
  2 leopard geckos (D:1)
  2 bats (D:1)
  A giant cockroach (D:1)
  3 goblins (D:1)
  4 kobolds (D:1)
  2 ball pythons (D:1)
  3 frilled lizards (D:1)
  A rat (D:1)
19 creatures vanquished.

Notes
Turn   | Place    | Note
-------+----------+-------------------------------------------
     0 | D:1      | Ivernyr the Centaur Hunter began the quest for the Orb.
     0 | D:1      | Reached XP level 1. HP: 17/17 MP: 1/1
   367 | D:1      | Reached XP level 2. HP: 23/25 MP: 2/2
   698 | D:1      | Reached skill level 1 in Unarmed Combat
  1350 | D:2      | Noticed Natasha
  1359 | D:1      | Slain by a quokka

Skill      XL: |  1  2 |
---------------+-------+-----
Unarmed Combat | 1 |  1.1
Fighting       | |  2.6
Bows           | |  5.7
Dodging        | |  1.3
Stealth        | |  0.4

Action                   || total
-------------------------++-------
Melee: Unarmed           ||    82
       Kick              ||    17
  Eat: Chunk             ||     1
Armor: Leather armour    ||    34
Dodge: Dodged            ||    37
